Map: Abyssal Reef LE

Players

onewaystyx - Winner!

  • Race: Protoss Protoss
  • League: Diamond
  • Spawn Location: 11:00

Dessa

  • Race: Zerg Zerg
  • League: Diamond
  • Spawn Location: 5:00

VOD

Have the link to the VOD?

Description

Time

  • Played on: Dec. 14, 2017, 8:09 a.m.
  • Length: 5:24
Show
View Real Time Build Order
Export as new Build Order

onewaystyx Protoss - Winner!

Build Orders:  

Get SALT Encoding   

  12  0:00  Probe  
  13  0:13  Probe  
  14  0:18  Pylon  
  14  0:25  Probe  
  15  0:37  Gateway  
  15  0:39  Probe (Chrono Boost)  
  17  0:50  Probe (Chrono Boost)  
  17  0:53  Probe  
  17  0:55  Assimilator  
  18  1:06  Probe  
  18  1:07  Gateway  
  19  1:18  Probe  
  20  1:26  Cybernetics Core  
  20  1:30  Probe  
  21  1:34  Pylon  
  21  1:39  Assimilator  
  21  1:42  Probe  
  22  2:02  Adept x2 (Chrono Boost), Warp Gate (Chrono Boost)  
  22  2:03  Probe  
  27  2:19  Adept x2  
  31  2:24  Pylon  
  31  2:48  Pylon  
  31  2:52  Adept x2  
  35  3:08  Shield Battery  
  35  3:12  Stargate  
  35  3:14  Gateway  
  32  3:49  Nexus  
  31  4:26  Adept x3  
  31  4:27  Oracle (Chrono Boost)  
  40  5:00  Adept x3  
  40  5:06  Pylon  
Show
View Real Time Build Order
Export as new Build Order

Dessa Zerg 

Build Orders: Hatch First 

Get SALT Encoding   

  12  0:02  Drone  
  13  0:13  Overlord  
  13  0:17  Drone  
  14  0:31  Drone x2  
  17  0:35  Drone  
  17  0:54  Hatchery  
  16  0:57  Drone  
  17  1:11  Spawning Pool  
  17  1:16  Drone  
  17  1:24  Drone  
  18  1:28  Drone  
  18  1:30  Extractor  
  18  1:31  Drone  
  19  1:40  Overlord  
  19  1:58  Queen  
  21  2:03  Zergling x4  
  21  2:05  Queen  
  21  2:07  Drone  
  26  2:11  Drone  
  27  2:16  Drone  
  28  2:27  Drone  
  29  2:39  Drone, Hatchery  
  29  3:00  Queen  
  31  3:13  Metabolic Boost, Queen  
  31  3:18  Zergling x6  
  34  3:38  Spine Crawler  
  33  3:43  Zergling x6, Overlord  
  29  4:19  Queen  
  29  4:21  Zergling x2  
  32  4:25  Queen  
  34  4:37  Zergling x4  
  34  4:42  Drone  
  34  4:43  Drone x8  
  41  4:58  Roach Warren  
  30  5:00  Zergling x8  
Tags
 
Matchup
PvZ
Replay Pack
2017S4
Spawn Locations
Cross Positions
Add a new tag
Caveats
  • Supply blocks, unpowered buildings, or Contaminate may cause inaccurate times.
  • Supply counts are checked every 10 seconds.